 Dungeon Crawl Stone Soup version 0.31-a0-840-g6d2ecbb638 (webtiles) character file.

Game seed: 16422344447955219556

270 Nedwor the Cutter (level 6, 0/47 HPs)
             Began as a Demonspawn Gladiator on Sept 27, 2023.
             Slain by an elf zombie (4 damage)
             ... in an ossuary.
             The game lasted 00:05:35 (3206 turns).

Nedwor the Cutter (Demonspawn Gladiator)            Turns: 3206, Time: 00:05:35

Health: 0/47       AC: 15    Str: 22    XL:     6   Next: 1%
Magic:  6/6        EV:  9    Int:  9    God:
Gold:   137        SH:  0    Dex: 15    Spells: 5/5 levels left

rFire   . . .        g - +2 short sword (flame)
rCold   + . .        (no shield)
rNeg    . . .        m - +0 chain mail
rPois   .            c - +0 helmet
rElec   .            (no cloak)
rCorr   .            (no gloves)
SInv    .            (no boots)
Will    .....        (no amulet) Stlth
                     i - +6 ring of strength
HPRegen 0.27/turn    h - ring of protection from cold
MPRegen 0.10/turn

%: no passive effects
@: sanguine armoured
A: powered by pain 1, sanguine armour 1
a: no special abilities


You were in an ossuary.
You visited 1 branch of the dungeon, and saw 4 of its levels.
You also visited: Ossuary.

You collected 137 gold pieces.

Inventory:

Hand Weapons
 g - a +2 short sword of flaming (weapon)
Missiles
 d - 3 throwing nets (quivered)
 e - 4 javelins
Armour
 c - a +0 helmet (worn)
 m - a +0 chain mail (worn)
Jewellery
 h - a ring of protection from cold (right hand)
 i - a +6 ring of strength (left hand)
Wands
 a - a wand of paralysis (5)
Scrolls
 b - a scroll of immolation {unknown}
 n - 2 scrolls of identify
 o - a scroll of fog {unknown}
Potions
 f - a potion of curing {unknown}
 k - 2 potions of brilliance {unknown}


   Skills:
 + Level 3.2 Fighting
 * Level 4.4 Short Blades
 - Level 1.7 Throwing
 + Level 2.1 Armour
 + Level 3.6 Dodging


You had 5 spell levels left.
You didn't know any spells.
Your spell library was empty.

Dungeon Overview and Level Annotations

Branches:
Dungeon (4/15)            Ossuary (1/1)
 Temple: D:4-7

Altars:
Ashenzari
Dithmenos
Hepliaklqana
Kikubaaqudgha
Makhleb
Qazlal
Ru
Yredelemnul

Shops:
D:3 ?=*?[


Innate Abilities, Weirdness & Mutations

You sometimes gain a little power by taking damage.
When seriously injured, your blood forms armour. (AC +6)


Message History

The jackal zombie bites you.
The jackal zombie bites you but does no damage.
You barely miss the jackal zombie.
The jackal zombie is severely damaged.
The jackal zombie bites you but does no damage. x2
You hit the jackal zombie. You burn the jackal zombie.
You destroy the jackal zombie!
The mummy hits you but does no damage. The jackal zombie closely misses you.
You hit the hobgoblin zombie. You burn the hobgoblin zombie.
You destroy the hobgoblin zombie!
You closely miss the elf zombie. The jackal zombie barely misses you.
The elf zombie hits you.
You hit the elf zombie but do no damage.
The jackal zombie closely misses you. The mummy barely misses you.
You hit the elf zombie. You burn the elf zombie.
The elf zombie is lightly damaged.
The jackal zombie barely misses you. The elf zombie closely misses you.
You hit the elf zombie. You burn the elf zombie.
The elf zombie is lightly damaged.
The jackal zombie bites you. The mummy hits you!
* * * LOW HITPOINT WARNING * * *
The elf zombie hits you but does no damage.
You hit the elf zombie. You burn the elf zombie.
The elf zombie is lightly damaged.
The jackal zombie bites you but does no damage.
You barely miss the elf zombie.
The elf zombie is lightly damaged.
The jackal zombie completely misses you.
The elf zombie hits you but does no damage.
The mummy hits you!
* * * LOW HITPOINT WARNING * * *
You barely miss the elf zombie.
The elf zombie is lightly damaged.
The jackal zombie bites you but does no damage.
You hit the elf zombie. You burn the elf zombie.
The elf zombie is moderately damaged.
The jackal zombie bites you.
* * * LOW HITPOINT WARNING * * *
The elf zombie hits you.
You die...

#.....##...........
#.....##...........
#..................
#....Z.............
#.Z#...............
#ZZ##Z.........∩...
#ZZ##..........∩...
#ZZ##..............
#.@#...............
#..M...............
#.....##...........
#.....##...........
#..................
#..................
####......
#!!+......


You could see a mummy, a jackal zombie, a hobgoblin zombie, a gnoll zombie, a
kobold zombie, an orc zombie, an elf zombie and a human zombie.

Vanquished Creatures
  An ogre (D:4)
  Jessica (D:3)
  Robin (D:3)
  4 gnolls
  3 adders
  2 adder zombies (Ossuary)
  3 worms
  A dart slug (D:1)
  2 orcs
  8 ball pythons
  4 bats
  5 endoplasms
  2 giant cockroaches
  16 goblins
  4 hobgoblins
  A quokka (D:3)
  5 frilled lizards
  A hobgoblin zombie (Ossuary)
  2 jackal zombies (Ossuary)
  4 kobolds
  3 rats
73 creatures vanquished.

Notes
Turn   | Place    | Note
-------+----------+-------------------------------------------
     0 | D:1      | Nedwor the Demonspawn Gladiator began the quest for the
                  | Orb.
     0 | D:1      | Reached XP level 1. HP: 16/16 MP: 1/1
   287 | D:1      | Gained mutation: When seriously injured, your blood forms
                  | armour. (AC +6) [demonic ancestry]
   287 | D:1      | Reached XP level 2. HP: 19/22 MP: 2/2
   320 | D:1      | Reached skill level 3 in Short Blades
  1151 | D:3      | Noticed Jessica
  1152 | D:3      | Found a sacrificial altar of Ru.
  1160 | D:3      | Killed Jessica
  1161 | D:3      | Reached skill level 1 in Armour
  1161 | D:3      | Gained mutation: You sometimes gain a little power by
                  | taking damage. [demonic ancestry]
  1161 | D:3      | Reached XP level 3. HP: 8/28 MP: 3/3
  1356 | D:3      | Reached XP level 4. HP: 19/34 MP: 4/4
  2289 | D:3      | Found a basalt altar of Yredelemnul.
  2361 | D:3      | Found Filocega's Magic Scroll Shop.
  2367 | D:3      | Found Amemn's Jewellery Boutique.
  2545 | D:3      | Found Fiep's Assorted Antiques.
  2585 | D:3      | Found Dahuic's Magic Scroll Boutique.
  2587 | D:3      | Found a stormy altar of Qazlal.
  2635 | D:3      | Found a broken altar of Ashenzari.
  2641 | D:3      | Found Jiefep's Antique Armour Shop.
  2641 | D:3      | Noticed Robin
  2675 | D:3      | Reached XP level 5. HP: 40/40 MP: 5/5
  2680 | D:3      | Killed Robin
  2691 | D:3      | Reached skill level 4 in Short Blades
  2831 | D:3      | Found an ancient bone altar of Kikubaaqudgha.
  2848 | D:3      | Found a burning altar of Makhleb.
  2848 | D:3      | Found a hazy altar of Hepliaklqana.
  2853 | D:3      | Found a shadowy altar of Dithmenos.
  2975 | D:4      | Noticed an ogre
  2988 | D:4      | Killed an ogre
  3114 | D:4      | Found a sand-covered staircase.
  3147 | Ossuary  | Entered an ossuary
  3187 | Ossuary  | Reached XP level 6. HP: 28/47 MP: 6/6
  3206 | Ossuary  | Slain by an elf zombie

Illustrated notes

Levels and vault maps discovered:
D:1:      co_arrival_square_in_a_square_in_a_square, layout_loops_ring,
          hangedman_decor_clover_reticule
D:2:      layout_basic
D:3:      layout_rooms, grunt_temple_overflow_open, lemuel_crystal_altar,
          mainiacjoe_overflow_brackets, minitemple, serial_shops,
          nicolae_shop_overgrown_old_shop, shop, shop, shop, shop,
          skrybe_limestone_x, nicolae_underground_beach, uniq_robin,
          uniq_jessica
D:4:      layout_loops_ring, lightli_ossuary_entry_decrepit_ruins
Ossuary:  ossuary_minmay_tomb_2a

Skill      XL: |  1  2  3  4  5 |
---------------+----------------+-----
Short Blades   | 3 4 |  4.4
Armour         | 1 2 |  2.1
Dodging        | 3 |  3.6
Fighting       | 3 |  3.2
Throwing       | |  1.7

Action                     |  1- 3 |  4- 6 || total
---------------------------+-------+-------++-------
  Melee: Rapier            |    12 |       ||    12
         Short sword       |    86 |   172 ||   258
         Punch             |     1 |     3 ||     4
    Use: Scroll            |       |     3 ||     3
         Potion            |       |     1 ||     1
 Armour: Leather armour    |    64 |    24 ||    88
         Chain mail        |       |   173 ||   173
  Dodge: Dodged            |    47 |   141 ||   188

Table legend: (Time is in decaauts)
 A = Elapsed time spent in this place.
 B = Non-inter-level travel time spent in this place.
 C = Inter-level travel time spent in this place.
 D = Time resting spent in this place.
 E = Time spent auto-exploring this place.
 F = Levels seen in this place.
 G = Mean time per level.
                   A        B        C        D        E       F      G
               +--------+--------+--------+--------+--------+-----+--------+
         Total |   3125 |   3061 |     64 |    664 |   1849 |   5 |  625.0 |
       Dungeon |   3075 |   3011 |     64 |    664 |   1849 |   4 |  768.8 |
       Ossuary |     50 |     50 |      0 |      0 |      0 |   1 |   50.0 |
               +--------+--------+--------+--------+--------+-----+--------+

Top non-repeatable levels by time:
     D:3: 1240 daAuts
     D:2: 934 daAuts
     D:1: 718 daAuts
     D:4: 183 daAuts
 Ossuary: 50 daAuts
